 Dungeon Crawl Stone Soup version 0.30-a0-377-g5cb311b (webtiles) character file.

Game seed: 12424607260689451961

2556 PublicAnimeNo1 the Trooper (level 9, -3/71 HPs)
             Began as a Demonspawn Cinder Acolyte on Nov 30, 2022.
             Was an Initiate of Ignis.
             Slain by Joseph
             ... wielding a +0 quarterstaff
              (12 damage)
             ... on level 7 of the Dungeon.
             The game lasted 00:16:46 (7268 turns).

PublicAnimeNo1 the Trooper (DsCA)                   Turns: 7268, Time: 00:16:47

Health: -3/71      AC:  4    Str: 16    XL:     9   Next: 31%
Magic:  0/12       EV: 11    Int: 16    God:    Ignis [......]
Gold:   457        SH:  0    Dex: 11    Spells: 10/12 levels left

rFire   + . .      SeeInvis .    I - +0 scythe
rCold   . . .      Faith    .    (shield currently unavailable)
rNeg    . . .      Spirit   +    n - +0 leather armour
rPois   .          Reflect  .    (no helmet)
rElec   .          Harm     .    g - +0 cloak
rCorr   .          Rampage  .    (no gloves)
Will    .....                    (no boots)
Stlth   +++.......               (no amulet)
HPRegen 0.31/turn                (no ring)
MPRegen 0.26/turn                (no ring)

@: very slightly contaminated
A: magic shield, magic regeneration, magic link, sturdy frame 2
a: Renounce Religion, Rising Flame


You were on level 7 of the Dungeon.
You worshipped Ignis.
Ignis was noncommittal.
You visited 1 branch of the dungeon, and saw 7 of its levels.

You collected 457 gold pieces.

Inventory:

Hand Weapons
 a - a -1 short sword of flaming
 i - a +0 dagger of electrocution
 k - a +0 spear
 y - a +2 dagger of draining
 z - a +1 short sword of venom
 I - a +0 scythe (weapon)
Armour
 b - a +0 robe
 g - a +0 cloak (worn)
 n - a +0 leather armour (worn)
 G - a +0 pair of gloves
Jewellery
 C - a ring of positive energy
Wands
 q - a wand of acid (6)
 s - a wand of mindburst (16)
Scrolls
 c - a scroll of silence {unknown}
 d - 3 scrolls of enchant weapon {unknown}
 j - a scroll of vulnerability {unknown}
 l - a scroll of amnesia
 m - a scroll of immolation
 o - a scroll of blinking {unknown}
 p - a scroll of brand weapon {unknown}
 t - 4 scrolls of teleportation
 v - 4 scrolls of identify
 A - 2 scrolls of enchant armour {unknown}
 B - a scroll of poison {unknown}
 E - a scroll of summoning {unknown}
Potions
 e - a potion of curing
 f - 4 potions of attraction
 h - a potion of haste
 r - 3 potions of flight
 u - a potion of cancellation
 D - a potion of lignification {unknown}
 F - a potion of ambrosia {unknown}
 H - 2 potions of degeneration {unknown}
 J - a potion of mutation {unknown}


   Skills:
 + Level 6.8 Fighting
 - Level 2.6 Short Blades
 * Level 6.7 Polearms
 + Level 5.9 Stealth
 - Level 2.0 Spellcasting
 - Level 3.1 Fire Magic
 + Level 4.4 Evocations


You had 10 spell levels left.
You knew the following spells:

 Your Spells              Type           Power      Damage    Failure   Level
a - Scorch                Fire           22%        2d6       9%          2

Your spell library contained the following spells:

 Spells                   Type           Power      Damage    Failure   Level
 Stone Arrow              Conj/Erth      2%         3d7       52%         3
 Animate Armour           Summ/Erth      2%         N/A       90%         4
 Lehudib's Crystal Spear  Conj/Erth      0%         10d2      100%        8


Dungeon Overview and Level Annotations

Branches:
Dungeon (7/15)             Temple (0/1) D:5

Altars:
Gozag
Wu Jian
Yredelemnul

Shops:
D:1 *

Annotations:
D:7 Joseph


Innate Abilities, Weirdness & Mutations

When hurt, damage is shared between your health and your magic reserves.
You regenerate magic rapidly.
When low on magic, you restore magic in place of health.
Your movements are less encumbered by armour. (ER -4)


Message History

Okay, then.
You start resting.
Joseph is nearby!
Joseph unwields a +0 sling.
Joseph wields a +0 quarterstaff.
Joseph hits you with a +0 quarterstaff!
Casting: Scorch (safe; 9% risk of failure)
Press: ? - help, Q - select action, (/) - cycle Dir - look around, f - activate Flames lash Joseph.
Joseph is lightly wounded.
Joseph's fire resistance burns away.
Joseph hits you with a +0 quarterstaff.
Casting: Scorch (safe; 9% risk of failure)
Press: ? - help, Q - select action, (/) - cycle Dir - look around, f - activate Flames lash Joseph.
Joseph is burned terribly!
Joseph is lightly wounded.
Joseph hits you with a +0 quarterstaff.
Casting: Scorch (safe; 9% risk of failure)
Press: ? - help, Q - select action, (/) - cycle Dir - look around, f - activate Flames lash Joseph.
Joseph is burned terribly!
Joseph is moderately wounded.
Joseph hits you with a +0 quarterstaff!
Casting: Scorch (safe; 9% risk of failure)
Press: ? - help, Q - select action, (/) - cycle Dir - look around, f - activate You miscast Scorch.
You are very lightly contaminated with residual magic.
Nothing appears to happen.
Joseph closely misses you.
You hit Joseph but do no damage.
Joseph is moderately wounded.
Joseph hits you with a +0 quarterstaff!
* * * LOW HITPOINT WARNING * * *
You hit Joseph.
Joseph is moderately wounded.
Joseph hits you with a +0 quarterstaff!
* * * LOW HITPOINT WARNING * * *
You hit Joseph but do no damage.
Joseph is moderately wounded.
Joseph says, "You will never get the ORB, sorry."
Joseph hits you with a +0 quarterstaff!
You die...

## .#.......#.....##. #.
................#. #..
..................
###..##..##...).........
#.........#.........##..
....................###.
.........................
.@. #.................
.....###@................
.......@.#.......#...##..
###.....#..#.....#####...
###.####.####...# #....
#. ### #...# ##... #
##.## ###


You could see Joseph (combustible).

Vanquished Creatures
  Sigmund (D:5)
  2 sky beasts
  A black bear (D:7)
  2 ogres
  An ice beast (D:6)
  2 centaurs (D:7)
  3 phantoms
  A bullfrog (D:6)
  4 necrophages
  6 scorpions
  5 wights
  A killer bee (D:6)
  A howler monkey (D:5)
  2 jellies
  An orc priest (D:5)
  2 hounds (D:5)
  3 iguanas (D:5)
  An orc wizard (D:6)
  5 gnolls
  10 adders
  A white imp (D:7)
  2 ufetubi (D:5)
  2 worms (D:3)
  2 dart slugs
  18 orcs
  5 ball pythons
  6 bats
  6 endoplasms
  5 giant cockroaches
  4 hobgoblins
  2 jackals (D:2)
  6 kobolds
  2 quokkas
  4 frilled lizards
  7 goblins
  2 rats
128 creatures vanquished.

Vanquished Creatures (others)
  42 foxfires
42 creatures vanquished.

Grand Total: 170 creatures vanquished

Notes
Turn   | Place    | Note
-------+----------+-------------------------------------------
     0 | D:1      | PublicAnimeNo1 the Demonspawn Cinder Acolyte began the
                  | quest for the Orb.
     0 | D:1      | Reached XP level 1. HP: 18/18 MP: 2/2
   334 | D:1      | Found Ceusofas's General Store.
   366 | D:1      | Gained mutation: You regenerate magic rapidly. [demonic
                  | ancestry]
   366 | D:1      | Reached XP level 2. HP: 23/24 MP: 4/4
   565 | D:1      | Gained mutation: Your movements are slightly less
                  | encumbered by armour. (ER -2) [demonic ancestry]
   565 | D:1      | Reached XP level 3. HP: 28/29 MP: 5/5
   866 | D:2      | Learned a level 2 spell: Scorch
  1038 | D:2      | Found an ornate altar of the Wu Jian Council.
  1090 | D:2      | Reached skill level 1 in Stealth
  1397 | D:2      | Gained mutation: When hurt, damage is shared between your
                  | health and your magic reserves. [demonic ancestry]
  1397 | D:2      | Reached XP level 4. HP: 31/36 MP: 2/7
  1589 | D:3      | Found a faded altar of an unknown god.
  1685 | D:3      | Found an opulent altar of Gozag.
  1789 | D:3      | Reached skill level 1 in Polearms
  2259 | D:4      | Reached XP level 5. HP: 40/42 MP: 8/8
  2315 | D:4      | HP: 1/39 [wight/+0 morningstar (3)]
  2320 | D:4      | Reached XP level 6. HP: 1/49 MP: 0/9
  2834 | D:4      | Reached skill level 5 in Fighting
  3032 | D:4      | Gained mutation: Your movements are less encumbered by
                  | armour. (ER -4) [demonic ancestry]
  3032 | D:4      | Reached XP level 7. HP: 10/56 MP: 1/10
  3235 | D:4      | Reached skill level 1 in Evocations
  3342 | D:5      | Entered Level 5 of the Dungeon
  3608 | D:5      | Gained mutation: When low on magic, you restore magic in
                  | place of health. [demonic ancestry]
  3608 | D:5      | Reached XP level 8. HP: 58/64 MP: 0/11
  3740 | D:5      | Found a staircase to the Ecumenical Temple.
  3743 | D:5      | Noticed Sigmund
  3754 | D:5      | Killed Sigmund
  3761 | D:5      | Reached skill level 5 in Polearms
  3882 | D:5      | You fall into a shaft and drop 1 floor!
  3954 | D:6      | Reached skill level 5 in Stealth
  5389 | D:5      | Reached XP level 9. HP: 65/71 MP: 12/12
  7098 | D:7      | Found a basalt altar of Yredelemnul.
  7253 | D:7      | Noticed Joseph
  7268 | D:7      | Slain by Joseph

Illustrated notes

Levels and vault maps discovered:
D:1:      dpeg_arrival_court, layout_loops_ring, serial_shops, shop_fountains,
          minmay_pentomino_z4
D:2:      layout_rooms, basic_altar, chequers_mini_garden, minivault_24
D:3:      layout_rooms, nicolae_gozag_seed_capital,
          ebering_ecumenical_altar_petrified, nicolae_titane
D:4:      layout_cave_pools
D:5:      layout_loops_corners, minmay_temple_entry_sparse_star,
          minmay_increasing_density, uniq_sigmund
D:6:      layout_loops_ring, nicolae_overflow_hidden_temple, st_stairs_14,
          dk_noncrumbling_4, water_maze_lemuel
D:7:      layout_cave_pools, yredelemnul_altar_generic, uniq_joseph

Skill      XL: |  1  2  3  4  5  6  7  8  9 |
---------------+----------------------------+-----
Fire Magic     | 3 |  3.1
Stealth        | 1 2 3 4 5 |  5.9
Spellcasting   | 2 |  2.0
Polearms       | 1 2 3 4 6 |  6.7
Fighting       | 4 5 6 |  6.8
Evocations     | 2 3 4 |  4.4
Short Blades   | |  2.6

Action                   |  1- 3 |  4- 6 |  7- 9 || total
-------------------------+-------+-------+-------++-------
Melee: Short sword       |    57 |    36 |    89 ||   182
       Dagger            |    62 |    49 |       ||   111
       Punch             |     2 |       |     2 ||     4
       Spear             |       |       |    35 ||    35
       Halberd           |       |       |    87 ||    87
 Cast: Scorch            |    12 |    19 |    39 ||    70
Invok: Fiery Armour      |     1 |     3 |     3 ||     7
       Foxfire Swarm     |     1 |     2 |     1 ||     4
Evoke: Wand              |       |     2 |     4 ||     6
  Use: Scroll            |       |    11 |     1 ||    12
       Potion            |       |     2 |     6 ||     8
 Stab: Sleeping          |       |       |     3 ||     3
Armor: Robe              |    17 |       |       ||    17
       Leather armour    |     9 |    24 |    95 ||   128
Dodge: Dodged            |    77 |    45 |   156 ||   278

Table legend: (Time is in decaauts)
 A = Elapsed time spent in this place.
 B = Non-inter-level travel time spent in this place.
 C = Inter-level travel time spent in this place.
 D = Time resting spent in this place.
 E = Time spent auto-exploring this place.
 F = Levels seen in this place.
 G = Mean time per level.
                   A        B        C        D        E       F      G
               +--------+--------+--------+--------+--------+-----+--------+
         Total |   7241 |   6948 |    293 |   2085 |   3718 |   7 | 1034.4 |
       Dungeon |   7241 |   6948 |    293 |   2085 |   3718 |   7 | 1034.4 |
               +--------+--------+--------+--------+--------+-----+--------+

Top non-repeatable levels by time:
     D:6: 1645 daAuts
     D:5: 1541 daAuts
     D:3: 950 daAuts
     D:1: 839 daAuts
     D:4: 790 daAuts
     D:7: 740 daAuts
     D:2: 734 daAuts
